 Dungeon Crawl Stone Soup version 0.28-a0-925-gd5e1996cdb (webtiles) character file.

Game seed: 5737404248529744044

235 ytrimaz the Grave Robber (level 5, 0/35 HPs)
             Began as a Demonspawn Necromancer on Nov 26, 2021.
             Slain by an ogre (17 damage)
             ... on level 4 of the Dungeon.
             The game lasted 00:05:45 (4587 turns).

ytrimaz the Grave Robber (Demonspawn Necromancer)   Turns: 4587, Time: 00:05:46

Health: 0/35       AC:  9    Str: 14    XL:     5   Next: 76%
Magic:  2/10       EV: 12    Int: 18    God:
Gold:   86         SH:  0    Dex: 13    Spells: 2/11 levels left

rFire   . . .      SeeInvis .   (no weapon)
rCold   . . .      Faith    .   (no shield)
rNeg    . . .      Spirit   .   a - +0 robe
rPois   .          Reflect  .   (no helmet)
rElec   .          Harm     .   i - +2 cloak
rCorr   .          Rampage  .   o - +1 pair of gloves
Will    .....                   (no boots)
Stlth   ++........              (no amulet)
HPRegen 0.11/turn               g - +6 ring of strength
MPRegen 0.12/turn               (no ring)

@: no status effects
A: slimy green scales 1, ignite blood 1
a: no special abilities


You were on level 4 of the Dungeon.
You visited 1 branch of the dungeon, and saw 4 of its levels.

You collected 86 gold pieces.

Inventory:

Missiles
 j - 10 boomerangs
 n - 2 throwing nets
Armour
 a - a +0 robe (worn)
 i - a +2 cloak (worn)
 o - a +1 pair of gloves (worn)
Jewellery
 g - a +6 ring of strength (left hand)
Wands
 p - a wand of iceblast (8)
Scrolls
 c - 2 scrolls of noise
 f - a scroll of silence
 k - 2 scrolls of teleportation {unknown}
 l - a scroll of magic mapping
 r - a scroll of fog {unknown}
Potions
 b - 4 potions of curing
 d - 2 potions of flight {unknown}
 e - a potion of berserk rage
 h - a potion of magic {unknown}
 m - a potion of mutation {unknown}
 q - a potion of attraction {unknown}


   Skills:
 * Level 2.4 Dodging
 - Level 3.0 Stealth
 + Level 3.6 Spellcasting
 + Level 5.8 Necromancy


You had 2 spell levels left.
You knew the following spells:

 Your Spells              Type           Power      Damage    Failure   Level
a - Pain                  Necr           96%        1d8       1%          1
b - Vampiric Draining     Necr           24%        2d7       4%          3
c - Agony                 Necr           24%        N/A       36%         5

Your spell library contained the following spells:

 Spells                   Type           Power      Damage    Failure   Level
 Animate Skeleton         Necr           48%        N/A       1%          1
 Passwall                 Tmut/Erth      2%         N/A       24%         2
 Animate Dead             Necr           12%        N/A       14%         4
 Swiftness                Air            3%         N/A       43%         3


Dungeon Overview and Level Annotations

Branches:
Dungeon (4/15)
 Temple: D:4-7

Altars:

Shops:
D:3 [


Innate Abilities, Weirdness & Mutations

You are partially covered in slimy green scales. (AC +2)
Your demonic aura sometimes causes spilled blood to erupt in flames.


Message History

Unknown command.
Casting: Agony (potentially lethal; 36% risk of failure)
Confirm with . or Enter, or press ? or * to list all spells.
You don't have enough magic to cast this spell.
Unknown command.
Your magical contamination has completely faded away.
The ogre hits you but does no damage.
Found 16 poisoned darts.
Casting: Agony (potentially lethal; 36% risk of failure)
Confirm with . or Enter, or press ? or * to list all spells.
The spell is potentially lethal to cast (36% risk of failure)!
Continue anyway?
Okay, then.
Casting: Agony (potentially lethal; 36% risk of failure)
Confirm with . or Enter, or press ? or * to list all spells.
The spell is potentially lethal to cast (36% risk of failure)!
Continue anyway?
Aiming: Agony (potentially lethal; 36% risk of failure)
Press: ? - help, Shift-Dir - straight line, f/p - ogre
Aim: an ogre, wielding a +0 giant club (lightly wounded, chance to affect: 90%)
The ogre convulses!
The ogre barely misses you.
Unknown command.
Casting: Agony (potentially lethal; 36% risk of failure)
Confirm with . or Enter, or press ? or * to list all spells.
Aiming: Vampiric Draining (dangerous; 4% risk of failure)
Press: ? - help, Shift-Dir - straight line, f/p - ogre
Aim: an ogre, wielding a +0 giant club (heavily wounded)
You draw life force from the ogre.
You feel life coursing into your body. The ogre closely misses you.
Unknown command.
Unknown command.
The ogre hits you with a +0 giant club!
Unknown command.
The ogre hits you with a +0 giant club!
Casting: Vampiric Draining (dangerous; 4% risk of failure)
Confirm with . or Enter, or press ? or * to list all spells.
The spell is potentially lethal to cast (36% risk of failure)!
Continue anyway?
Aiming: Agony (potentially lethal; 36% risk of failure)
Press: ? - help, Shift-Dir - straight line, f/p - ogre
Aim: an ogre, wielding a +0 giant club (heavily wounded, chance to affect: 90%)
The ogre barely resists.
The ogre hits you with a +0 giant club!
You die...

#....##.#
#....##.#
##....##.#
#..(.....#
###
#.....####
#<#
#.#.###...
#.# #.#.#
#### #.#
#.#.# #.. #@#
#.#)####.#
#O#
#........#
#.#
###.###..#
#.# #.# #..#
#.# #.# #..#
#.# #.# #..#
#.# #.# #..#
#.# #.# ####
#.#########.#


You could see an ogre.

Vanquished Creatures
  Crazy Yiuf (D:2)
  A hound (D:3)
  Terence (D:2)
  A hound skeleton (D:4)
  5 adders
  3 worms
  A dart slug (D:1)
  8 orcs
  7 ball pythons
  4 bats
  4 endoplasms
  A giant cockroach (D:1)
  7 goblins
  4 hobgoblins
  3 jackals (D:1)
  5 kobolds
  5 quokkas
  9 frilled lizards
  8 rats
78 creatures vanquished.

Notes
Turn   | Place    | Note
-------+----------+-------------------------------------------
     0 | D:1      | ytrimaz the Demonspawn Necromancer began the quest for the
                  | Orb.
     0 | D:1      | Reached XP level 1. HP: 13/13 MP: 3/3
   284 | D:1      | Gained mutation: You are partially covered in slimy green
                  | scales. (AC +2) [demonic ancestry]
   284 | D:1      | Reached XP level 2. HP: 15/19 MP: 1/5
   690 | D:1      | Reached skill level 5 in Necromancy
   925 | D:1      | Reached XP level 3. HP: 22/24 MP: 3/6
   991 | D:1      | Found a faded altar of an unknown god.
  1630 | D:2      | Learned a level 3 spell: Vampiric Draining
  2047 | D:2      | Noticed Terence
  2069 | D:2      | Killed Terence
  2070 | D:2      | Gained mutation: Your demonic aura sometimes causes spilled
                  | blood to erupt in flames. [demonic ancestry]
  2070 | D:2      | Reached XP level 4. HP: 26/30 MP: 1/8
  2271 | D:2      | Found a runed translucent door.
  2272 | D:2      | Noticed Crazy Yiuf
  2447 | D:2      | Killed Crazy Yiuf
  2619 | D:3      | Found Herett's Antique Armour Emporium.
  3245 | D:3      | Reached XP level 5. HP: 30/35 MP: 4/9
  3356 | D:3      | Learned a level 5 spell: Agony
  4493 | D:4      | Noticed an ogre
  4587 | D:4      | Slain by an ogre

Illustrated notes

Levels and vault maps discovered:
D:1:      saegor_arrival_simple_e, layout_loops_ring, basic_ecumenical_altar
D:2:      layout_rooms, minmay_lizard_pond, uniq_terence,
          uniq_crazy_yiuf_cottage
D:3:      layout_loops_ring, serial_shops, nicolae_shop_waterfront,
          minmay_fractal_squares_gapless_5
D:4:      layout_basic, st_stairs_8

Skill      XL: |  1  2  3  4  5 |
---------------+----------------+-----
Stealth        | 2 3 |  3.0
Necromancy     | 5 |  5.8
Dodging        | 2 |  2.4
Spellcasting   | 3 |  3.6

Action                   |  1- 3 |  4- 6 || total
-------------------------+-------+-------++-------
Melee: Unarmed           |    20 |    55 ||    75
 Cast: Pain              |    82 |    84 ||   166
       Vampiric Draining |     2 |     3 ||     5
       Agony             |       |     2 ||     2
  Use: Scroll            |     3 |     1 ||     4
       Potion            |       |     2 ||     2
Armor: Robe              |     6 |    41 ||    47
Dodge: Dodged            |    19 |    42 ||    61

Table legend: (Time is in decaauts)
 A = Elapsed time spent in this place.
 B = Non-inter-level travel time spent in this place.
 C = Inter-level travel time spent in this place.
 D = Time resting spent in this place.
 E = Time spent auto-exploring this place.
 F = Levels seen in this place.
 G = Mean time per level.
                   A        B        C        D        E       F      G
               +--------+--------+--------+--------+--------+-----+--------+
         Total |   4600 |   4547 |     53 |    555 |   3232 |   4 | 1150.0 |
       Dungeon |   4600 |   4547 |     53 |    555 |   3232 |   4 | 1150.0 |
               +--------+--------+--------+--------+--------+-----+--------+

Top non-repeatable levels by time:
     D:2: 1484 daAuts
     D:1: 1455 daAuts
     D:3: 1278 daAuts
     D:4: 382 daAuts
